 Dungeon Crawl Stone Soup version 0.21.1-1-g345015f (webtiles) character file.

67 Fang the Skirmisher (level 4, -1/29 HPs)
             Began as a Gargoyle Berserker on July 30, 2018.
             Was a Believer of Trog.
             Slain by an adder (2 damage)
             ... on level 2 of the Dungeon.
             The game lasted 00:01:44 (1304 turns).

Fang the Skirmisher (Gargoyle Berserker)            Turns: 1304, Time: 00:01:45

Health: -1/29      AC:  5    Str: 22    XL:     4   Next: 16%
Magic:  4/4        EV: 12    Int:  7    God:    Trog [**....]
Gold:   45         SH:  0    Dex:  9    Spells: 3/3 levels left

rFire    . . .     SeeInvis +   a - +0 hand axe
rCold    . . .     Gourm    .   (no shield)
rNeg     + . .     Faith    .   b - +0 animal skin
rPois    ∞         Spirit   .   (no helmet)
rElec    +         Reflect  .   (no cloak)
rCorr    .         Harm     .   (no gloves)
MR       .....                  (no boots)
Stlth    +.........             (no amulet)
HPRegen  0.09/turn              (no ring)
MPRegen  0.09/turn              l - ring of see invisible

@: berserk cooldown, very slightly contaminated, slowed, very slow
A: negative energy resistance 1, electricity resistance, unbreathing,
petrification resistance, rot immunity, AC +3
a: Berserk, Trog's Hand, Burn Spellbooks, Renounce Religion


You were on level 2 of the Dungeon.
You worshipped Trog.
Trog was pleased with you.
You were not hungry.

You visited 1 branch of the dungeon, and saw 2 of its levels.

You collected 45 gold pieces.

Inventory:

Hand Weapons
 a - a +0 hand axe (weapon)
Armour
 b - a +0 animal skin (worn)
 d - a +2 helmet
 n - a +1 helmet
Jewellery
 l - a ring of see invisible (right hand)
Scrolls
 e - 2 scrolls of identify
 i - a scroll of remove curse
Potions
 f - 2 potions of degeneration {unknown}
 g - a potion of cancellation
 k - a potion of agility {unknown}
Comestibles
 c - 3 rations
 m - 3 chunks of flesh


   Skills:
 + Level 3.9 Fighting
 + Level 3.3 Axes
 + Level 2.4 Armour
 + Level 2.3 Dodging
 + Level 0.4 Stealth


You had 3 spell levels left.
You didn't know any spells.

Dungeon Overview and Level Annotations

Branches:
Dungeon (2/15)

Altars:


Innate Abilities, Weirdness & Mutations

You are resistant to torment.
Your stone body is resilient. (AC +3)
You are immune to poison.
You resist negative energy. (rN+)
You are resistant to electric shocks. (rElec)
You can survive without breathing.
You are immune to petrification.
You are immune to rotting.


Message History

The adder barely misses you. The bat misses you. The goblin barely misses you.
Found 16 arrows.
As you read the scroll labeled HITEUM MONWE, it crumbles to dust.
You feel as if something is helping you.
It was a scroll of remove curse.
The bat closely misses you. The bat hits you but does no damage.
The adder bites you but does no damage. The worm misses you.
The goblin hits you with a club.
* * * LOW HITPOINT WARNING * * *
The adder barely misses you. None of your equipped items are cursed.
Unknown command.
Drop what? 13/52 slots (_ for help) (? for menu, Esc to quit)
You remove your ring of teleportation.
The adder barely misses you. The worm bites you.
* * * LOW HITPOINT WARNING * * *
The adder barely misses you. The adder bites you but does no damage.
The goblin misses you.
You drop an uncursed ring of teleportation.
The adder closely misses you. The adder bites you.
You die...

#############
###...S......(.
....>KS@.# ###
......gwS#.....
...#..†Kb..#
....$..#†..#
Z..#... ..#....
.. #..# ####..#
# #..% ..# #..#
.# #..


You could see a worm, 3 adders, a quokka zombie (wandering), a goblin, a bat and
2 kobolds.

Vanquished Creatures
  Robin (D:2)
  A gnoll (D:1)
  A dart slug (D:1)
  A leopard gecko (D:1)
  11 goblins (D:2)
  12 hobgoblins
  4 bats
  A frilled lizard (D:1)
  3 kobolds
  6 rats
41 creatures vanquished.

Notes
Turn   | Place    | Note
-------+----------+-------------------------------------------
     0 | D:1      | Fang the Gargoyle Berserker began the quest for the Orb.
     0 | D:1      | Reached XP level 1. HP: 14/14 MP: 1/1
   394 | D:1      | Reached XP level 2. HP: 6/19 MP: 2/2
   879 | D:1      | Reached XP level 3. HP: 23/23 MP: 3/3
  1265 | D:2      | Noticed Robin
  1269 | D:2      | Killed Robin
  1270 | D:2      | Reached XP level 4. HP: 29/29 MP: 4/4
  1295 | D:2      | Reached ** piety under Trog
  1303 | D:2      | HP: 1/29 [worm (4)]
  1304 | D:2      | Slain by an adder

Skill      XL: |  1  2  3 |
---------------+----------+-----
Dodging        | 2 |  2.3
Axes           | 3 |  3.3
Fighting       | |  3.9
Armour         | |  2.4
Stealth        | |  0.4

Action                   |  1- 3 |  4- 6 || total
-------------------------+-------+-------++-------
Melee: Hand axe          |    79 |     8 ||    87
Invok: Berserk           |     2 |       ||     2
  Use: Scroll            |       |     3 ||     3
  Eat: Chunk             |     1 |     2 ||     3
Armor: Animal skin       |    38 |    27 ||    65
Dodge: Dodged            |    56 |    54 ||   110
